 Dungeon Crawl Stone Soup version 0.31-a0-631-g285b096dc4 (webtiles) character file.

Game seed: 14425642123076125185

204 MackTheKnife the Magician (level 5, 0/24 HPs)
             Began as a Spriggan Wanderer on Aug 26, 2023.
             Slain by a gnoll
             ... wielding a +6 flail
             ... led by a gnoll bouda
              (13 damage)
             ... on level 4 of the Dungeon.
             The game lasted 00:05:01 (3413 turns).

MackTheKnife the Magician (Spriggan Wanderer)       Turns: 3413, Time: 00:05:02

Health: 0/24       AC:  2    Str:  9    XL:     5   Next: 52%
Magic:  11/13      EV: 17    Int: 17    God:
Gold:   95         SH:  0    Dex: 16    Spells: 9/13 levels left

rFire   . . .        h - +10 spear "Unerar" {speed, *Rage rCorr Int+4, polearm}
rCold   . . .        (no shield)
rNeg    . . .        c - +0 robe
rPois   .            (helmet restricted)
rElec   .            (no cloak)
rCorr   +            (gloves unavailable)
SInv    +            (boots unavailable)
Will    .....        (no amulet)
Stlth   +++          (no ring)
HPRegen 0.24/turn    (no ring)
MPRegen 0.13/turn

%: random rage (20%)
@: very quick
A: very small, no large weapons, unfitting armour, see invisible, speed 3
a: no special abilities


You were on level 4 of the Dungeon.
You visited 1 branch of the dungeon, and saw 4 of its levels.

You collected 95 gold pieces.


Innate Abilities, Weirdness & Mutations

You are very small and have problems with some larger weapons.
You are too small for most types of armour.
You have supernaturally acute eyesight. (SInv)
You cover ground extremely quickly. (Speed+++)


   Skills:
 - Level 2.6 Dodging
 - Level 4.4 Stealth
 + Level 4.7 Spellcasting
 + Level 4.1 Transmutations
 - Level 1.0 Fire Magic
 + Level 3.0 Poison Magic
 - Level 1.3 Evocations


You had 9 spell levels left.
You knew the following spells:

 Your Spells              Type           Power      Damage    Failure   Level
a - Sting                 Tmut/Pois      64%        1d6       3%          1
b - Ignite Poison         Fire/Tmut/Pois 13%        N/A       14%         3

Your spell library contained the following spells:

 Spells                   Type           Power      Damage    Failure   Level
 Frozen Ramparts          Ice            8%         1d2       41%         3
 Petrify                  Tmut/Erth      11%        N/A       52%         4
 Metabolic Englaciation   Hex/Ice        2%         N/A       99%         5

Inventory:

Hand Weapons
 h - the +10 spear "Unerar" (weapon) {speed, *Rage rCorr Int+4, polearm}
   (You found it on level 2 of the Dungeon)

   Int+4:     It affects your intelligence (+4).
   *Rage:     It berserks you when you make melee attacks (+20% chance).
   rCorr:     It protects you from acid and corrosion.
Armour
 c - a +0 robe (worn)
Scrolls
 a - a scroll of blinking {unknown}
 d - a scroll of fog
 i - a scroll of vulnerability {unknown}
 l - a scroll of revelation {unknown}
 m - a scroll of noise {unknown}
 o - a scroll of poison {unknown}
 r - 2 scrolls of brand weapon {unknown}
 s - a scroll of identify {unknown}
Potions
 b - a potion of brilliance
 e - a potion of resistance {unknown}
 f - 2 potions of heal wounds {unknown}
 g - a potion of attraction {unknown}
 j - a potion of invisibility {unknown}
 k - a potion of mutation {unknown}
 n - a potion of might {unknown}
 p - a potion of enlightenment {unknown}
 q - a potion of magic {unknown}

Dungeon Overview and Level Annotations

Branches:
Dungeon (4/15) Zot: 21448
 Temple: D:4-7

Altars:

Annotations:
D:2 Sigmund
D:3 exclusion: 2 downstairs

.....##.# #.# .
.......###g###
........g..g...#####
.#.........[......
.......o.........
#......g........
...##..og.....(.....
.......ggK..........
.###....@...........
#..).....########
##...#......#
###..........
###......## ########


You could see a gnoll bouda, 4 gnolls, 2 orcs, 2 hobgoblins and a kobold.


Message History

Press: ? - help, Shift-Dir - straight line, f - kobold
Aim: a kobold, wielding a +0 dagger and quivering stones (67% to hit)
The sting hits the kobold but does no damage.
The kobold is poisoned. 😕 MP[-1]
You lost 1 mp, and now have 11/13 mp.
You kill the kobold! 😎 HP[+1]
Your hp is fully restored (24).
A kobold comes into view. It is wielding a +0 whip.
There is a stone staircase leading up, spattered with blood here.
Casting: Sting (safe; 3% risk of failure)
Confirm with . or Enter, or press ? or * to list all spells.
Okay, then.
You recover from your berserk rage.
The kobold throws a stone.
The stone misses you.
Casting: Sting (safe; 3% risk of failure)
Confirm with . or Enter, or press ? or * to list all spells.
Aiming: Sting (safe; 3% risk of failure)
Press: ? - help, Shift-Dir - straight line, f - gnoll
Aim: a gnoll, wielding a +0 spear (77% to hit)
The sting hits the gnoll.
The gnoll is poisoned. 😎 MP[-1]
You lost 1 mp, and now have 10/13 mp.
Casting: Sting (safe; 3% risk of failure)
Confirm with . or Enter, or press ? or * to list all spells.
Aiming: Sting (safe; 3% risk of failure)
Press: ? - help, Shift-Dir - straight line, f/p - gnoll
Aim: a gnoll, wielding a +0 spear (moderately wounded, poisoned, 77% to hit)
The sting hits the gnoll.
The gnoll looks even sicker.
The gnoll barely misses you.
Reach: h) +10 spear "Unerar" {speed, *Rage rCorr Int+4, polearm}
Press: ? - help, Dir - move target, f/p - gnoll
Aim: a gnoll, wielding a +0 spear (heavily wounded, very poisoned, about 26% to evade the +10 spear "Unerar")
You reach to attack!
A red film seems to cover your vision as you go berserk!
You feel yourself moving faster!
You feel mighty!
You puncture the gnoll!
You kill the gnoll!
Your Poison Magic skill increases to level 3! 😎 HP[+12]
You now have 36 max hp (+12).
Your hp is fully restored (36).
The kobold throws a stone.
The stone misses you.
An orc comes into view. It is wielding a +0 trident.
You feel a strong urge to attack something.
The orc shouts!
You climb upwards.
Level annotation: exclusion: 2 downstairs
There is a stone staircase leading down here.
Unknown command.
You start resting.
You feel your anger nearly subside.
You are no longer berserk.
You are exhausted.
You feel yourself slow down. 😎 HP[-12]
You now have 24 max hp (-12).
You start resting. 😎 MP[+3]
Your mp is fully restored (13).
Unknown command.
You start waiting.
You feel yourself speed up.
You start waiting.
You recover from your berserk rage.
Unknown command.
You climb downwards.
The kobold throws a stone.
The stone hits you but does no damage.
The gnoll bouda barks out a call to the hunt!
The gnoll picks up the pace!
An orc comes into view. It is wielding a +1 dagger of speed.
There is a stone staircase leading up, spattered with blood here.
Unknown command.
Casting: Sting (safe; 3% risk of failure)
Confirm with . or Enter, or press ? or * to list all spells.
Aiming: Sting (safe; 3% risk of failure)
Press: ? - help, Shift-Dir - straight line, f - gnoll
Aim: a gnoll, wielding a +6 flail (wandering, covering ground quickly, hasn't noticed you, 77% to hit)
The sting hits the gnoll.
The gnoll is poisoned.
The orc shouts! 😎 MP[-1]
You lost 1 mp, and now have 12/13 mp.
Casting: Sting (safe; 3% risk of failure)
Confirm with . or Enter, or press ? or * to list all spells.
Aiming: Sting (safe; 3% risk of failure)
Press: ? - help, Shift-Dir - straight line, f/p - gnoll
Aim: a gnoll, wielding a +6 flail (moderately wounded, covering ground quickly, poisoned, 77% to hit)
The sting hits the gnoll.
The gnoll looks even sicker.
The gnoll bouda barks out a call to the hunt!
The gnoll picks up the pace!
The gnoll hits you with a +6 flail!
The gnoll shouts!
You hear a shout! 😮 HP[-8] MP[-1]
You take 8 damage, and now have 16/24 hp.
MASSIVE DAMAGE!! (PAUSE)
You lost 1 mp, and now have 11/13 mp.
Unknown command.
The kobold misses you.
The orc hits you from afar with a +0 trident.
The gnoll hits you with a +6 flail!
Ouch! That really hurt!
You die...

Skill      XL: |  1  2  3  4  5 |
---------------+----------------+-----
Spellcasting   | 3 4 |  4.7
Poison Magic   | 1 2 3 |  3.0
Transmutations | 3 4 |  4.1
Fire Magic     | 1 |  1.0
Dodging        | |  2.6
Stealth        | |  4.4
Evocations     | |  1.3

Action                     |  1- 3 |  4- 6 || total
---------------------------+-------+-------++-------
  Melee: Spear             |    13 |    21 ||    34
         Dagger            |     1 |       ||     1
   Cast: Sting             |    69 |    20 ||    89
   Stab: Sleeping          |       |     2 ||     2
 Armour: Robe              |     3 |     2 ||     5
  Dodge: Dodged            |    23 |    15 ||    38

Levels and vault maps discovered:
D:1:      erik_arrival_orb_chamber, layout_basic
D:2:      layout_loops_corners, basic_ecumenical_altar, uniq_sigmund
D:3:      layout_rooms
D:4:      layout_rooms, minivault_4, uniq_robin

Notes
Turn   | Place    | Note
-------+----------+-------------------------------------------
     0 | D:1      | MackTheKnife the Spriggan Wanderer began the quest for the
                  | Orb.
     0 | D:1      | MackTheKnife set off with the following items: a +2 dagger
                  | {short}, a potion of brilliance, a +0 robe, a scroll of
                  | fog; and the following spell memorised: Sting; and the
                  | following spells available to memorise: Ignite Poison.
     0 | D:1      | Reached XP level 1. HP: 9/9 MP: 5/5
     0 | D:1      | magus.rc [v1.9.6]
   351 | D:1      | Reached skill level 3 in Spellcasting
   394 | D:1      | Reached skill level 1 in Poison Magic
   394 | D:1      | Reached XP level 2. HP: 13/13 MP: 2/7
   748 | D:1      | You fall into a shaft and drop 1 floor!
  1354 | D:2      | Identified the +10 spear "Unerar" {speed, *Rage rCorr
                  | Int+4}
  1414 | D:2      | Reached XP level 3. HP: 16/16 MP: 5/9
  1451 | D:2      | Learned a level 3 spell: Ignite Poison
  1687 | D:2      | Noticed Sigmund
  1881 | D:2      | Reached skill level 2 in Poison Magic
  2011 | D:2      | Reached skill level 3 in Transmutations
  2295 | D:2      | Found a faded altar of an unknown god.
  2458 | D:3      | Reached skill level 4 in Spellcasting
  2557 | D:3      | Reached XP level 4. HP: 20/21 MP: 3/11
  2734 | D:3      | Reached skill level 1 in Fire Magic
  2816 | D:3      | You pick up a book of Sloth and begin reading...
  2816 | D:3      | You add the spells Frozen Ramparts, Petrify and Metabolic
                  | Englaciation to your library.
  3300 | D:3      | Reached XP level 5. HP: 24/24 MP: 9/12
  3349 | D:4      | Reached skill level 4 in Transmutations
  3361 | D:4      | Reached skill level 3 in Poison Magic
  3413 | D:4      | Slain by a gnoll

Vanquished Creatures
  A howler monkey (D:4)
  An orc priest (D:3)
  A hound (D:3)
  A gnoll (D:4)
  5 adders
  2 dart slugs
  A worm (D:2)
  2 orcs (D:3)
  4 ball pythons
  3 bats
  An endoplasm (D:2)
  3 giant cockroaches
  2 hobgoblins
  A quokka (D:2)
  3 frilled lizards
  7 goblins
  6 kobolds
  4 rats
48 creatures vanquished.

Table legend:
 A = Non-vault XP
 B = Vault XP
 C = Vault XP percentage of total XP
 D = Non-vault monster count
 E = Vault monster count
 F = Vault count percentage of total count
                 A         B        C        D         E       F
            +---------+---------+-------+---------+---------+-------
      Total |     292 |       0 |   0.0 |      48 |       0 |   0.0
            +---------+---------+-------+---------+---------+-------
        D:1 |      28 |       0 |   0.0 |      16 |       0 |   0.0
        D:2 |      61 |       0 |   0.0 |      14 |       0 |   0.0
        D:3 |     120 |       0 |   0.0 |      14 |       0 |   0.0
        D:4 |      83 |       0 |   0.0 |       4 |       0 |   0.0
            +---------+---------+-------+---------+---------+-------

Skill      XL: |  1  2  3  4  5 |
---------------+----------------+-----
Spellcasting   | 3 4 |  4.7
Poison Magic   | 1 2 3 |  3.0
Transmutations | 3 4 |  4.1
Fire Magic     | 1 |  1.0
Dodging        | |  2.6
Stealth        | |  4.4
Evocations     | |  1.3

Action                     |  1- 3 |  4- 6 || total
---------------------------+-------+-------++-------
  Melee: Spear             |    13 |    21 ||    34
         Dagger            |     1 |       ||     1
   Cast: Sting             |    69 |    20 ||    89
   Stab: Sleeping          |       |     2 ||     2
 Armour: Robe              |     3 |     2 ||     5
  Dodge: Dodged            |    23 |    15 ||    38

Illustrated notes

Table legend:
 A = Kills in this place as a percentage of kills in the entire game.
 B = Kills by you in this place as a percentage of kills by you in the entire game.
 C = Kills by friends in this place as a percentage of kills by friends in the entire game.
 D = Other kills in this place as a percentage of other kills in the entire game.
 E = Experience gained in this place as a percentage of experience gained in the entire game.
 F = Experience gained in this place divided by the number of levels of this place that you have seen.
                   A       B       C       D       E      F
               +-------+-------+-------+-------+-------+----------------------
         Total | 100.0 | 100.0 |   N/A |   N/A | 100.0 |  73.0
       Dungeon | 100.0 | 100.0 |   N/A |   N/A | 100.0 |  73.0
               +-------+-------+-------+-------+-------+----------------------

Table legend: (Time is in decaauts)
 A = Elapsed time spent in this place.
 B = Non-inter-level travel time spent in this place.
 C = Inter-level travel time spent in this place.
 D = Time resting spent in this place.
 E = Time spent auto-exploring this place.
 F = Levels seen in this place.
 G = Mean time per level.
                   A        B        C        D        E       F      G
               +--------+--------+--------+--------+--------+-----+--------+
         Total |   2550 |   2461 |     89 |    321 |   1798 |   4 |  637.5 |
       Dungeon |   2550 |   2461 |     89 |    321 |   1798 |   4 |  637.5 |
               +--------+--------+--------+--------+--------+-----+--------+

Top non-repeatable levels by time:
     D:1: 909 daAuts
     D:2: 852 daAuts
     D:3: 718 daAuts
     D:4: 69 daAuts
